 Dungeon Crawl Stone Soup version 0.30-a0-297-g0ec75d9ef4 (webtiles) character file.

Game seed: 1692895364425116355

184 mopl the Sneak (level 5, -5/36 HPs)
             Began as an Octopode Brigand on Oct 19, 2022.
             Killed by nerve-wracking pain
             ... invoked by Grinder
              (12 damage)
             ... on level 3 of the Dungeon.
             The game lasted 00:02:37 (1688 turns).

mopl the Sneak (Octopode Brigand)                   Turns: 1688, Time: 00:02:38

Health: -5/36      AC:  1    Str: 10    XL:     5   Next: 64%
Magic:  2/6        EV: 13    Int: 22    God:
Gold:   135        SH:  0    Dex: 13    Spells: 4/5 levels left

rFire   + . .      SeeInvis .    a - +2 dagger
rCold   x . .      Faith    .    (no shield)
rNeg    . . .      Spirit   .    (helmet restricted)
rPois   .          Reflect  .    (no amulet)
rElec   .          Harm     .    n - +6 ring of intelligence
rCorr   .          Rampage  .    h - ring of fire
Will    .....                    (no ring)
Stlth   ++++......               (no ring)
HPRegen 0.26/turn                (no ring)
MPRegen 0.10/turn                (no ring)
                                 (no ring)
                                 (no ring)

@: very slightly contaminated
A: almost no armour, amphibious, 8 rings, camouflage 1, gelatinous body 1,
(nimble swimmer 1), tentacles
a: no special abilities


You were on level 3 of the Dungeon.
You visited 1 branch of the dungeon, and saw 3 of its levels.

You collected 135 gold pieces.

Inventory:

Hand Weapons
 a - a +2 dagger (weapon)
Missiles
 b - 9 poisoned darts (quivered)
 c - 3 curare-tipped darts
Jewellery
 f - a ring of ice
 h - a ring of fire (right tentacle)
 n - a +6 ring of intelligence (left tentacle)
Scrolls
 e - a scroll of torment {unknown}
 i - a scroll of identify {unknown}
 k - 2 scrolls of noise {unknown}
 l - 2 scrolls of enchant weapon {unknown}
 o - a scroll of teleportation {unknown}
 p - 2 scrolls of butterflies {unknown}
Potions
 d - a potion of attraction {unknown}
 g - a potion of berserk rage {unknown}
 j - 2 potions of curing {unknown}
 m - 3 potions of flight {unknown}


   Skills:
 + Level 3.2 Fighting
 - Level 2.0 Short Blades
 + Level 3.1 Throwing
 + Level 2.5 Dodging
 + Level 6.3 Stealth
 + Level 0.7 Spellcasting
 + Level 0.9 Hexes


You had 4 spell levels left.
You knew the following spells:

 Your Spells              Type           Power      Damage    Failure   Level
s - Slow                  Hex            16%        N/A       11%         1

Your spell library contained the following spells:

 Spells                   Type           Power      Damage    Failure   Level
 Confusing Touch          Hex            4%         N/A       32%         3
 Cause Fear               Hex            2%         N/A       71%         4
 Summon Mana Viper        Hex/Summ       2%         N/A       98%         5
 Enfeeble                 Hex            2%         N/A       100%        7


Dungeon Overview and Level Annotations

Branches:
Dungeon (3/15)

Altars:

Annotations:
D:3 Grinder


Innate Abilities, Weirdness & Mutations

You cannot wear most types of armour.
You are amphibious.
You can wear up to eight rings at the same time.
Your skin changes colour to match your surroundings (Stealth+).
Your rubbery body absorbs attacks. (AC +1, EV +1)
((You are camouflaged when in or above water. (Stealth+)))
You have tentacles for arms and can constrict up to eight enemies at once.


Message History

Aim: Grinder, carrying a wand of flame (21) (almost dead, chance to affect: 37%)
You miscast Slow.
You are very lightly contaminated with residual magic.
Nothing appears to happen.
Grinder zaps a wand.
The puff of flame hits you!
Casting: Slow (safe; 11% risk of failure)
Confirm with . or Enter, or press ? or * to list all spells.
Aiming: Slow (safe; 11% risk of failure)
Press: ? - help, Shift-Dir - straight line, f/p - Grinder
Aim: Grinder, carrying a wand of flame (20) (almost dead, chance to affect: 37%)
You miscast Slow.
Nothing appears to happen.
Grinder zaps a wand.
The puff of flame misses you.
Unknown command.
Casting: Slow (safe; 11% risk of failure)
Confirm with . or Enter, or press ? or * to list all spells.
Aiming: Slow (safe; 11% risk of failure)
Press: ? - help, Shift-Dir - straight line, f/p - Grinder
Aim: Grinder, carrying a wand of flame (19) (almost dead, chance to affect: 37%) Grinder easily resists.
Grinder gestures at you. Pain shoots through your body!
You feel more attuned to fire.
h - a ring of fire (right tentacle) Grinder gestures at you.
Pain shoots through your body!
Casting: Slow (safe; 11% risk of failure)
Confirm with . or Enter, or press ? or * to list all spells.
Aiming: Slow (safe; 11% risk of failure)
Press: ? - help, Shift-Dir - straight line, f/p - Grinder
Aim: Grinder, carrying a wand of flame (19) (almost dead, chance to affect: 37%) Grinder easily resists.
Grinder zaps a wand.
The puff of flame hits you. You resist.
Unknown command.
Grinder hits you.
You writhe in agony.
* * * LOW HITPOINT WARNING * * *
Unknown command.
You closely miss Grinder. Your grab misses Grinder.
Grinder is almost dead.
Grinder gestures at you. Pain shoots through your body!
You die...

....# #.#.#...# ....#
.#.#...###.. ....
........... .###
#.#........ .#..
#.#...#..# .#.##...
#......... .#.##.....#
#.....# .# .#.##.....#
#.....#..#
.#.##.....+.#.##@#.....
.#.# .....##..##5..<....
...## #..####†>##......
....####....##.†# ......
.#....###.#...##.....#..
.#.#........#.# .##..# .
.#.#...##.)....... ..
.#.#.#..###.......# .#.
............#..#....


You could see Grinder.

Vanquished Creatures
  Jessica (D:3)
  Natasha (thrice) (D:2)
  A gnoll (D:3)
  3 adders (D:2)
  A worm (D:2)
  A dart slug (D:2)
  3 orcs (D:3)
  6 endoplasms
  3 hobgoblins
  A kobold (D:1)
  4 quokkas
  7 ball pythons
  6 bats
  3 frilled lizards
  3 goblins
  3 rats
49 creatures vanquished.

Notes
Turn   | Place    | Note
-------+----------+-------------------------------------------
     0 | D:1      | mopl the Octopode Brigand began the quest for the Orb.
     0 | D:1      | Reached XP level 1. HP: 14/14 MP: 1/1
   267 | D:1      | Reached XP level 2. HP: 19/19 MP: 2/2
   718 | D:2      | Noticed Natasha
   726 | D:2      | Killed Natasha
   727 | D:2      | Reached XP level 3. HP: 21/25 MP: 3/3
   889 | D:2      | Reached skill level 2 in Dodging
  1063 | D:2      | Reached XP level 4. HP: 30/30 MP: 4/4
  1068 | D:2      | Noticed Natasha
  1074 | D:2      | Killed Natasha
  1075 | D:2      | Reached skill level 6 in Stealth
  1147 | D:2      | Got the Octavo of Bewitchment
  1150 | D:2      | Learned a level 1 spell: Slow
  1297 | D:2      | Reached skill level 3 in Fighting
  1337 | D:2      | Reached XP level 5. HP: 36/36 MP: 5/5
  1389 | D:2      | Noticed Natasha
  1393 | D:2      | Killed Natasha
  1394 | D:2      | Reached skill level 3 in Throwing
  1633 | D:3      | Noticed Jessica
  1643 | D:3      | Killed Jessica
  1677 | D:3      | Noticed Grinder
  1688 | D:3      | Killed from afar by Grinder

Illustrated notes

Levels and vault maps discovered:
D:1:      lightli_molten_gateway, layout_loops_ring
D:2:      layout_basic, chequers_serial_rivers_small_3, uniq_natasha
D:3:      layout_basic, st_stairs_7, minmay_randomly_rotated_circles,
          uniq_jessica, uniq_grinder

Skill      XL: |  1  2  3  4  5 |
---------------+----------------+-----
Dodging        | 2 |  2.5
Stealth        | 6 |  6.3
Fighting       | 3 |  3.2
Throwing       | 3 |  3.1
Short Blades   | |  2.0
Spellcasting   | |  0.7
Hexes          | |  0.9

Action                   |  1- 3 |  4- 6 || total
-------------------------+-------+-------++-------
Melee: Dagger            |    50 |    36 ||    86
       Tentacles         |    14 |     9 ||    23
       Constrict         |    13 |     6 ||    19
 Cast: Slow              |       |     3 ||     3
 Stab: Sleeping          |    16 |     9 ||    25
Armor: Skin              |     2 |       ||     2
Dodge: Dodged            |    26 |    14 ||    40

Table legend: (Time is in decaauts)
 A = Elapsed time spent in this place.
 B = Non-inter-level travel time spent in this place.
 C = Inter-level travel time spent in this place.
 D = Time resting spent in this place.
 E = Time spent auto-exploring this place.
 F = Levels seen in this place.
 G = Mean time per level.
                   A        B        C        D        E       F      G
               +--------+--------+--------+--------+--------+-----+--------+
         Total |   1692 |   1661 |     31 |      0 |   1333 |   3 |  564.0 |
       Dungeon |   1692 |   1661 |     31 |      0 |   1333 |   3 |  564.0 |
               +--------+--------+--------+--------+--------+-----+--------+

Top non-repeatable levels by time:
     D:2: 836 daAuts
     D:1: 713 daAuts
     D:3: 143 daAuts
